Description

Hellbat Push

Build Order

Get SALT Encoding   

  13  0:00  SCV  
  14  0:13  SCV  
  14  0:18  Supply Depot  
  15  0:20  SCV  
  16  0:25  SCV  
  16  0:40  Barracks  
  16  0:45  Refinery  
  17  0:47  SCV x2  
  18  1:06  Barracks  
  19  1:30  Barracks Tech Reactor  
  19  1:31  Orbital Command  
  19  1:34  Refinery  
  19  1:39  SCV  
  20  1:55  Marine  
  21  2:00   Supply Depot  
  21  2:04  Factory  
  21  2:06   Marine x2  
  23  2:13   Barracks Tech Lab  
  23  2:20  SCV x2  
  26  2:30  Supply Depot  
  28  2:52  Starport  
  28  2:54  Barracks Tech Reactor  
  28  2:57  Combat Shield  
  29  3:01   Hellion x2  
  34  3:15  Supply Depot  
  35  3:30  Hellion x2  
  39  3:34  Medivac  
  44  3:50  Armory  
  44  4:00  Hellion x2  
  47  4:20  Stimpack  
  54  4:50  Command Center  
Spawning Tool Build Advisor. Get it on Overwolf

Go to:

Details

  • Created by: TurnipKing
  • Published on: May 11, 2019
  • Modified on: May 11, 2019
  • Patch: 4.7.1
Show
View Real Time Build Order
Export as new Build Order

Comments (0)

There are no comments. Be the first!

Create an account to comment!